 Dungeon Crawl Stone Soup version 0.17-a0-2215-g49c1de0 (webtiles) character file.

65 radek the Conjurer (level 3, 0/19 HPs)
             Began as a Deep Elf Conjurer on Oct 27, 2015.
             Succumbed to an adder's poison
             ... on level 2 of the Dungeon.
             The game lasted 00:06:24 (1526 turns).

radek the Conjurer (Deep Elf Conjurer)              Turns: 1526, Time: 00:06:24

Health: 0/19       AC:  2    Str:  5    XL:     3   Next: 94%
Magic:  8/9        EV: 13    Int: 20    God:
Gold:   224        SH:  0    Dex: 15    Spells: 1 memorised, 7 levels left

rFire  . . .     SeeInvis .     e - -2 short sword (curse)
rCold  . . .     Clarity  .     a - +0 robe
rNeg   . . .     SustAt   .     (no shield)
rPois  .         Gourm    .     (no helmet)
rElec  .         Spirit   .     (no cloak)
rCorr  .         Warding  .     (no gloves)
rMut   .         Stasis   .     (no boots)
MR     .....                    (no amulet)
Stlth  ++........               (no ring)
                                (no ring)

@: lethally poisoned (0 -> -7), not resistant to hostile enchantments,
unstealthy
A: no striking features
a: no special abilities


You were on level 2 of the Dungeon.
You were not hungry.

You visited 1 branch of the dungeon, and saw 4 of its levels.

You collected 224 gold pieces.

Inventory:

Hand Weapons
 e - a cursed -2 short sword (weapon)
 i - a +0 dagger
 p - a +0 dagger
Armour
 a - a +0 robe (worn)
 f - a +0 cloak
Jewellery
 r - a +4 ring of strength {unknown}
Scrolls
 d - 2 scrolls of teleportation
 g - a scroll of enchant armour {unknown}
 h - 2 scrolls of remove curse {unknown}
 j - 2 scrolls of identify {unknown}
 l - a scroll of blinking {unknown}
 m - a scroll of immolation {unknown}
 n - a scroll of random uselessness {unknown}
 o - a scroll of recharging {unknown}
 q - 2 scrolls of enchant weapon {unknown}
 t - a scroll of amnesia {unknown}
Potions
 k - a potion of heal wounds {unknown}
 s - 2 potions of brilliance {unknown}
Books
 b - a book of Conjurations

   Spells                             Type                      Level
   a - Magic Dart                     Conjuration                  1
   b - Searing Ray                    Conjuration                  2
   c - Dazzling Spray                 Conjuration/Hexes            3
   d - Fulminant Prism                Conjuration/Hexes            4
   e - Iskenderun's Mystic Blast      Conjuration                  4
   f - Iskenderun's Battlesphere      Conjuration/Charms           5
Comestibles
 c - a bread ration
 u - 4 chunks of flesh


   Skills:
 - Level 2.4 Dodging
 - Level 2.4 Stealth
 - Level 3.0 Spellcasting
 + Level 6.1 Conjurations


You had 7 spell levels left.
You knew the following spells:

 Your Spells              Type           Power        Failure   Level  Hunger
a - Magic Dart            Conj           ####         1%          1    None


Dungeon Overview and Level Annotations

Branches:
Dungeon (4/15)
 Temple: D:4-7

Altars:
The Shining One

Annotations:
D:2 Sigmund


Message History

There is a stone staircase leading down here.
Casting: Magic Dart
Confirm with . or Enter, or press ? or * to list all spells.
You don't know that spell.
Casting: Magic Dart
Confirm with . or Enter, or press ? or * to list all spells.
Aiming: Magic Dart
Press: ? - help, Shift-Dir - straight line The magic dart hits something.
Something hits you. Something freezes you. The adder barely misses you.
Something hits you!
* * * LOW HITPOINT WARNING * * *
Something freezes you.
* * * LOW HITPOINT WARNING * * *
The adder closely misses you. The adder bites you.
* * * LOW HITPOINT WARNING * * *
You are lethally poisoned!
The adder poisons you!
* * * LOW HITPOINT WARNING * * *
You feel sick.
You die...

#...## #.# ##.........##
##..##
#.######..........#
#....#
#.#........)......#
#....#
#...########.###..##
##..#####..##
###..)..... #..###.)..#
#.....#####
####...##.........#.###
##...############.###
#.......@.>...).....##
#....#####S..........###
##..##
#...#####.......## #..#
#...# #........# ####
#...# ##...#.... #>..#
#...####. #...# ##### #.
#..(# #. #...# #.


You could see an adder.

Vanquished Creatures
  2 adders
  2 worms
  A giant gecko (D:1)
  2 bats (D:1)
  2 giant cockroaches (D:1)
  8 goblins
  3 hobgoblins (D:1)
  6 jackals (D:2)
  4 kobolds
  A ball python (D:2)
  2 giant newts (D:1)
  7 rats
40 creatures vanquished.

Notes
Turn   | Place    | Note
--------------------------------------------------------------
     0 | D:1      | radek the Deep Elf Conjurer began the quest for the Orb.
     0 | D:1      | Reached XP level 1. HP: 10/10 MP: 6/6
   218 | D:1      | Reached XP level 2. HP: 15/15 MP: 6/8
   263 | D:1      | Reached skill level 5 in Conjurations
   517 | D:1      | Reached XP level 3. HP: 19/19 MP: 2/9
   739 | D:1      | Found a glowing golden altar of the Shining One.
  1322 | D:2      | Noticed Sigmund
  1447 | D:3      | Reached skill level 6 in Conjurations
  1526 | D:2      | Succumbed to an adder's poison

Vault maps used:
D:1:      saegor_arrival_simple_b, tso_altar
D:2:      uniq_sigmund
D:3:      nemelex_deck, lemuel_round_altar, minivault_11, uniq_grinder
D:4:      kennysheep_little_box, minmay_temple_entry_statues_pillars,
          minmay_statues_item, minmay_cut_off

Action                   || total
-------------------------++-------
Melee: Short sword       ||    11
 Cast: Magic Dart        ||    81
  Use: Scroll            ||     1
  Eat: Meat ration       ||     1
